 Dungeon Crawl Stone Soup version 0.28-a0-1395-g4f6bc678fa (webtiles) character file.

Game seed: 8435396395446156272

21240 Lekart the Cleaver (level 12, -1/105 HPs)
             Began as a Grey Draconian Fighter on Jan 4, 2022.
             Was a Believer of the Shining One.
             Slain by a killer bee (12 damage)
             ... on level 2 of the Lair of Beasts.
             The game lasted 00:28:35 (15583 turns).

Lekart the Cleaver (Grey Draconian Fighter)        Turns: 15583, Time: 00:28:36

Health: -1/105     AC: 16    Str: 25    XL:     12   Next: 52%
Magic:  17/17      EV: 18    Int:  8    God:    the Shining One [**....]
Gold:   766        SH:  6    Dex: 20    Spells: 11/11 levels left

rFire   . . .      SeeInvis +   g - +1 hand axe "Plog" {flame, Str+6 Dex+4 SInv}
rCold   . . .      Faith    .   b - +0 buckler
rNeg    + + .      Spirit   .   (armour unavailable)
rPois   .          Reflect  .   (helmet restricted)
rElec   .          Harm     .   (no cloak)
rCorr   .          Rampage  .   k - +1 pair of gloves
Will    +....                   a - +0 pair of boots
Stlth   +.........              (no amulet)
HPRegen 0.27/turn               n - ring of willpower
MPRegen 0.15/turn               x - ring of positive energy

@: lethally poisoned (-1 -> -13), glowing
A: AC +13, amphibious, unfitting armour, cold-blooded, beak, claws 1
a: Renounce Religion, Divine Shield


You were on level 2 of the Lair of Beasts.
You worshipped the Shining One.
The Shining One was pleased with you.
You visited 2 branches of the dungeon, and saw 16 of its levels.

You collected 766 gold pieces.

Inventory:

Hand Weapons
 g - the +1 hand axe "Plog" (weapon) {flame, Str+6 Dex+4 SInv}
   (You found it on level 5 of the Dungeon)

   It burns those it strikes, dealing additional fire damage.
   Big, fiery blades are also staple armaments of hydra-hunters.
   Str:       It affects your strength (+6).
   Dex:       It affects your dexterity (+4).
   SInv:      It lets you see invisible.
 u - a +4 scimitar of flaming
 y - a +4 war axe
Missiles
 e - 5 atropa-tipped darts (quivered)
Armour
 a - a +0 pair of boots (worn)
 b - a +0 buckler (worn)
 k - a +1 pair of gloves (worn)
Jewellery
 n - a ring of willpower (left hand)
 x - a ring of positive energy (right hand)
Wands
 j - a wand of iceblast (5)
 l - a wand of flame (36)
 s - a wand of charming (2)
Scrolls
 f - 3 scrolls of fog
 h - 4 scrolls of enchant armour
 m - 2 scrolls of holy word
 v - 4 scrolls of amnesia
 w - 4 scrolls of identify
 z - 2 scrolls of teleportation
 A - a scroll of vulnerability
 B - a scroll of enchant weapon
Potions
 c - 2 potions of might
 i - a potion of attraction
 o - a potion of magic
 p - 2 potions of invisibility
 q - 4 potions of curing
 r - a potion of cancellation {unknown}
 t - 3 potions of flight
 C - a potion of heal wounds
 D - a potion of degeneration {unknown}
Miscellaneous
 d - a tin of tremorstones (1/2)


   Skills:
 + Level 9.6 Fighting
 + Level 13.6 Axes
 + Level 1.3 Throwing
 + Level 8.6 Dodging
 + Level 7.0 Shields
 * Level 7.5 Invocations
 + Level 5.5 Evocations


You had 11 spell levels left.
You didn't know any spells.
Your spell library contained the following spells:

 Spells                   Type           Power      Damage    Failure   Level
 Apportation              Tloc           0%         N/A       41%         1
 Gell's Gravitas          Tloc           0%         N/A       78%         3
 Lesser Beckoning         Tloc           0%         N/A       78%         3
 Portal Projectile        Hex/Tloc       0%         N/A       78%         3
 Teleport Other           Tloc           0%         N/A       78%         3
 Alistair's Intoxication  Tmut/Pois      0%         N/A       100%        5
 Blade Hands              Tmut           0%         N/A       100%        5
 Excruciating Wounds      Necr           0%         N/A       100%        5
 Fireball                 Conj/Fire      0%         3d3       100%        5
 Iskenderun's Battlesphe  Conj           0%         2d6       100%        5
 Summon Forest            Summ/Tloc      0%         N/A       100%        5
 Summon Mana Viper        Hex/Summ       0%         N/A       100%        5
 Conjure Ball Lightning   Conj/Air       0%         3x3d6     100%        6
 Summon Cactus Giant      Summ           0%         N/A       100%        6
 Orb of Destruction       Conj           0%         N/A       100%        7


Dungeon Overview and Level Annotations

Branches:
Dungeon (14/15)            Temple (0/1) D:5            Lair (2/6) D:8
 Vaults (0/5) D:14
  Swamp: Lair:2-4    Shoals: Lair:2-4     Snake: Lair:2-4    Spider: Lair:2-4
    Orc: D:9-12

Altars:
Ashenzari
Cheibriados
Dithmenos
Gozag
Hepliaklqana
Makhleb
Okawaru
Ru
Trog
Vehumet
Yredelemnul
Zin
The Shining One

Annotations:
D:5 3 runed translucent doors, anet's ghost, novice HOCj
D:7 exclusion: upstairs
D:11 1 runed translucent door, rigrig's ghost, journeyman KoBe


Innate Abilities, Weirdness & Mutations

Your dull iron-grey scales are very hard. (AC +13)
You are amphibious.
You cannot fit into any form of body armour.
You are cold-blooded and may be slowed by cold attacks.
You have a beak for a mouth.
You have sharp fingernails.


Message History

You closely miss the killer bee. You hit the killer bee.
You burn the killer bee.
You kill the killer bee!
You feel very sick. You block the killer bee's attack.
The killer bee closely misses you. You block the killer bee's attack.
The killer bee stings you!
* * * LOW HITPOINT WARNING * * *
You are lethally poisoned!
The killer bee poisons you! The killer bee closely misses you.
You barely miss the queen bee. You peck the queen bee.
You kill the queen bee!
You hit the killer bee. You burn the killer bee.
You closely miss the killer bee. You slash the killer bee!
You burn the killer bee.
You kill the killer bee!
You hit the killer bee. You burn the killer bee.
* * * LOW HITPOINT WARNING * * *
You feel very sick.
The killer bee stings you but does no damage.
The killer bee closely misses you. The killer bee barely misses you.
You block the killer bee's attack.
The killer bee stings you but does no damage.
Okay, then.
* * * LOW HITPOINT WARNING * * *
You feel very sick. The killer bee misses you.
The killer bee closely misses you. The killer bee barely misses you. x2
You see here a bullfrog corpse.
* * * LOW HITPOINT WARNING * * *
You feel very sick. The killer bee closely misses you.
You block the killer bee's attack. The killer bee stings you.
* * * LOW HITPOINT WARNING * * *
You block the killer bee's attack. The killer bee completely misses you.
* * * LOW HITPOINT WARNING * * *
You feel very sick. The killer bee completely misses you.
The killer bee closely misses you. The killer bee barely misses you.
The killer bee stings the plant.
The plant begins to die.
The killer bee stings you!
You die...

### ##.####### ### ###
.##.##.#.########P##..###..
.................yy........
................@yyy.......
..##.............yy.†..####
####...P.#.P#######P#..#
#..(####### ####.# ##..#
..! #..# #!† #..# !.! #..#
## P...


You could see 7 killer bees.

Vanquished Creatures
  A hydra (Lair:2)
  2 vault guards (D:14)
  Erica (Lair:1)
  A centaur warrior (D:14)
  3 two-headed ogres
  A deep elf pyromancer (D:14)
  An ugly thing (D:12)
  3 cyclopes
  Joseph (D:10)
  2 rime drakes (Lair:1)
  2 unseen horrors (D:13)
  6 komodo dragons
  A troll (D:11)
  A troll (shapeshifter) (D:14)
  A queen bee (Lair:2)
  3 blink frogs (Lair:1)
  Prince Ribbit (D:6)
  A vampire (D:12)
  2 wraiths
  23 yaks
  2 wyverns
  A basilisk (D:14)
  A steam dragon (D:7)
  3 acid dragons
  6 water moccasins
  3 orc warriors
  A sky beast (D:7)
  A hornet zombie (D:5)
  An ice beast (D:5)
  A necrophage (D:5)
  8 centaurs
  An ogre (D:5)
  A kobold brigand (D:6)
  10 bullfrogs
  A wyvern zombie (D:8)
  2 gnoll sergeants
  4 scorpions
  A water moccasin skeleton (D:5)
  20 killer bees
  8 wights (D:8)
  5 howler monkeys
  A centaur zombie (D:4)
  2 jellies
  7 orc priests
  A centaur skeleton (D:5)
  2 hounds
  Jessica (D:2)
  2 iguanas
  12 orc wizards
  2 killer bee zombies
  A hound skeleton (D:2)
  Robin (D:2)
  A howler monkey zombie (D:9)
  16 gnolls
  2 howler monkey skeletons
  8 adders
  2 shadow imps
  A white imp (D:5)
  An adder skeleton (D:4)
  A dart slug (D:5)
  41 orcs
  5 ball pythons
  2 bats (D:1)
  8 endoplasms
  4 giant cockroaches
  16 goblins
  4 hobgoblins
  5 jackals
  6 kobolds
  4 quokkas
  2 frilled lizards (D:3)
  A quokka skeleton (D:4)
  5 rats
305 creatures vanquished.

Vanquished Creatures (collateral kills)
  A gnoll shaman (D:7)
  2 gnolls (D:7)
  2 orcs (D:7)
5 creatures vanquished.

Vanquished Creatures (others)
  A troll (D:11)
  An orc wizard (D:9)
  An orc (D:11)
  7 fungi
  7 plants
  2 withered plants (D:11)
19 creatures vanquished.

Grand Total: 329 creatures vanquished

Notes
Turn   | Place    | Note
-------+----------+-------------------------------------------
     0 | D:1      | Lekart the Draconian Fighter began the quest for the Orb.
     0 | D:1      | Reached XP level 1. HP: 19/19 MP: 1/1
   148 | D:1      | Reached XP level 2. HP: 22/26 MP: 2/2
   914 | D:1      | Reached XP level 3. HP: 33/33 MP: 3/3
  1102 | D:2      | Noticed Robin
  1122 | D:2      | Killed Robin
  1123 | D:2      | Reached skill level 3 in Axes
  1410 | D:2      | Found a faded altar of an unknown god.
  1456 | D:2      | Reached XP level 4. HP: 39/40 MP: 4/4
  1559 | D:2      | Noticed Jessica
  1566 | D:2      | Killed Jessica
  2166 | D:2      | Reached XP level 5. HP: 43/46 MP: 5/5
  2569 | D:3      | Reached skill level 4 in Axes
  2673 | D:3      | Found an iron altar of Okawaru.
  2744 | D:3      | Found a radiant altar of Vehumet.
  2979 | D:4      | Found a bloodstained altar of Trog.
  3707 | D:5      | Entered Level 5 of the Dungeon
  3707 | D:5      | Noticed an ice beast
  3719 | D:5      | Killed an ice beast
  3720 | D:5      | Reached skill level 5 in Axes
  3720 | D:5      | Reached XP level 6. HP: 53/53 MP: 6/6
  3744 | D:5      | Noticed anet's ghost (novice HOCj)
  3744 | D:5      | Noticed an ice beast
  3865 | D:5      | Identified the +1 hand axe "Plog" {flame, Str+6 Dex+4 SInv}
  4140 | D:5      | Found a staircase to the Ecumenical Temple.
  4162 | D:5      | Your scales start taking on a dull iron-grey colour.
  4162 | D:5      | Reached XP level 7. HP: 58/60 MP: 7/7
  4168 | D:5      | Found a runed translucent gate.
  4168 | D:5      | Found a runed translucent gate.
  4168 | D:5      | Found a runed translucent gate.
  4229 | D:5      | You fall into a shaft and drop 3 floors!
  4229 | D:8      | Found a staircase to the Lair.
  4232 | Lair:1   | Entered Level 1 of the Lair of Beasts
  4232 | Lair:1   | Noticed a yak
  4232 | Lair:1   | Noticed a yak
  4232 | Lair:1   | Noticed a yak
  4232 | Lair:1   | Noticed a yak
  4232 | Lair:1   | Noticed a yak
  4240 | D:8      | Killed a yak
  4241 | D:8      | Reached skill level 6 in Axes
  4251 | D:8      | Reached skill level 5 in Fighting
  4327 | D:8      | HP: 4/91 [gnoll (5)]
  4987 | D:7      | Reached XP level 8. HP: 64/68 MP: 8/8
  5109 | D:7      | Reached skill level 7 in Axes
  5109 | D:7      | Reached skill level 5 in Dodging
  5409 | D:7      | Reached skill level 1 in Evocations
  5893 | D:6      | Noticed a two-headed ogre
  5903 | D:6      | Killed a two-headed ogre
  5904 | D:6      | Reached skill level 8 in Axes
  5904 | D:6      | Reached skill level 1 in Throwing
  5904 | D:6      | Reached XP level 9. HP: 70/75 MP: 9/9
  6008 | D:6      | Noticed Prince Ribbit
  6025 | D:6      | Killed Prince Ribbit
  6344 | D:6      | Reached skill level 9 in Axes
  6622 | D:6      | Reached skill level 5 in Shields
  7968 | D:8      | Found a snail-covered altar of Cheibriados.
  7985 | D:8      | Reached skill level 10 in Axes
  8252 | D:8      | Gained mutation: You have sharp fingernails. [potion of
                  | mutation]
  8252 | D:8      | Gained mutation: You have a beak for a mouth. [potion of
                  | mutation]
  8358 | D:9      | Reached XP level 10. HP: 71/84 MP: 10/10
  8764 | D:9      | Found a glowing golden altar of the Shining One.
  9111 | D:9      | Became a worshipper of the Shining One
  9338 | D:10     | Entered Level 10 of the Dungeon
  9363 | D:10     | Reached skill level 1 in Invocations
  9521 | D:10     | Found a broken altar of Ashenzari.
  9557 | D:10     | Found a basalt altar of Yredelemnul.
  9558 | D:10     | Noticed a two-headed ogre
  9582 | D:10     | Killed a two-headed ogre
  9583 | D:10     | Reached skill level 11 in Axes
  9991 | D:10     | Found a shadowy altar of Dithmenos.
  9994 | D:10     | Found a hazy altar of Hepliaklqana.
 10001 | D:10     | Found a glowing silver altar of Zin.
 10004 | D:10     | Found a sacrificial altar of Ru.
 10006 | D:10     | Found a burning altar of Makhleb.
 10011 | D:10     | Found an opulent altar of Gozag.
 10199 | D:10     | Noticed Joseph
 10218 | D:10     | Killed Joseph
 10509 | D:11     | Noticed a cyclops
 10563 | D:11     | Killed a cyclops
 11093 | D:11     | Reached XP level 11. HP: 71/94 MP: 12/14
 11237 | D:11     | Found a runed translucent door.
 11237 | D:11     | Noticed rigrig's ghost (journeyman KoBe)
 11237 | D:11     | Reached * piety under the Shining One
 11377 | D:11     | Noticed a two-headed ogre
 11412 | D:11     | Killed a two-headed ogre
 12089 | D:12     | Reached skill level 12 in Axes
 12214 | D:12     | Noticed a white ugly thing
 12226 | D:12     | Killed a white ugly thing
 12227 | D:12     | Reached skill level 5 in Invocations
 12552 | D:12     | Noticed a skeletal warrior
 12552 | D:12     | Noticed a skeletal warrior
 12652 | D:14     | Noticed a deep elf pyromancer
 12659 | D:14     | Killed a deep elf pyromancer
 12660 | D:14     | Reached skill level 5 in Evocations
 13032 | D:14     | Noticed a centaur warrior
 13040 | D:14     | Noticed a vault guard
 13040 | D:14     | Noticed a vault guard
 13042 | D:14     | Noticed a vault guard
 13045 | D:14     | Noticed a vault guard
 13047 | D:14     | Killed a centaur warrior
 13083 | D:14     | Noticed a vault guard
 13108 | D:14     | Killed a vault guard
 13278 | D:14     | Noticed a vault guard
 13292 | D:14     | Killed a vault guard
 13511 | D:14     | Found a gate to the Vaults.
 13930 | D:12     | Noticed a skeletal warrior
 14285 | Lair:1   | Reached XP level 12. HP: 103/103 MP: 16/16
 14507 | Lair:1   | Reached skill level 13 in Axes
 14515 | Lair:1   | Noticed Erica
 14515 | Lair:1   | Reached ** piety under the Shining One
 14531 | Lair:1   | Killed Erica
 15484 | Lair:2   | Noticed a four-headed hydra
 15494 | Lair:2   | Killed a one-headed hydra
 15583 | Lair:2   | Slain by a killer bee

Illustrated notes

Levels and vault maps discovered:
D:1:      lightli_iron_boxes, layout_loops_ring
D:2:      layout_basic, hellmonk_ecumenical_altar_arch_garden,
          serial_bayou_pond_e, kennysheep_generic_room_10, uniq_robin,
          uniq_jessica
D:3:      layout_rooms, okawaru_gym_becter, nicolae_vehumet_radiance,
          minmay_strange_pillars
D:4:      layout_loops_ring, mainiacjoe_overflow_boulevard, bh_walls_and_bars
D:5:      layout_rooms, temple_pool_b, gammafunk_ghost_icy,
          kennysheep_generic_room_8
D:6:      layout_loops_ring, small_statue_intersection,
          hangedman_decor_riveting, minmay_misc_feat_doors, uniq_prince_ribbit1
D:7:      layout_loops_cross, hangedman_abyss_or_decor_lesser_grid,
          minmay_liquid_box, minivault_19
D:8:      layout_loops_ring, mainiacjoe_overflow_24_doors, dpeg_oklobed_lair
D:9:      layout_roguey, tso_oasis_becter
D:10:     layout_roguey, overflow_temple_1_default,
          nicolae_overflow_hallway_of_the_gods, nicolae_overflow_crystal_walls,
          uniq_joseph
D:11:     layout_loops_ring, gammafunk_ghost_grave
D:12:     layout_roguey, david_orc_1_choice
D:13:     layout_grid_maze
D:14:     layout_basic, erik_vaults_2, hex_medium
Lair:1:   layout_regular_city, uniq_erica
Lair:2:   layout_long_grid, special_room [special_room_bee],
          infiniplex_staircase_pool_2

Skill      XL: |  1  2  3  4  5  6  7  8  9 10 11 12 |
---------------+-------------------------------------+-----
Dodging        | 3 4 5 6 7 8 |  8.6
Axes           | 3 5 6 8 10 11 12 13 | 13.6
Fighting       | 4 5 6 7 8 9 |  9.6
Shields        | 4 5 6 7 |  7.0
Evocations     | 2 3 4 5 |  5.5
Throwing       | 1 |  1.3
Invocations    | 4 6 7 |  7.5

Action                   |  1- 3 |  4- 6 |  7- 9 | 10-12 || total
-------------------------+-------+-------+-------+-------++-------
Melee: War axe           |    69 |   158 |       |       ||   227
       Tailslap          |     4 |    25 |    80 |   118 ||   227
       Hand axe          |       |    19 |   339 |   509 ||   867
       Peck              |       |       |     9 |   146 ||   155
Throw: Dart              |       |       |     3 |       ||     3
       Throwing net      |       |       |     2 |       ||     2
Evoke: Wand              |       |       |    23 |    40 ||    63
       Tin of tremorston |       |       |       |     3 ||     3
  Use: Scroll            |       |     6 |     5 |     6 ||    17
       Potion            |       |     4 |     3 |     4 ||    11
 Stab: Invisible         |       |     2 |     1 |       ||     3
       Sleeping          |       |     2 |     2 |       ||     4
       Paralysed         |       |       |    12 |       ||    12
Armor: Skin              |    26 |    67 |    74 |   145 ||   312
Dodge: Dodged            |    61 |   107 |   158 |   348 ||   674
Block: Buckler           |    29 |    40 |    65 |   123 ||   257

Table legend: (Time is in decaauts)
 A = Elapsed time spent in this place.
 B = Non-inter-level travel time spent in this place.
 C = Inter-level travel time spent in this place.
 D = Time resting spent in this place.
 E = Time spent auto-exploring this place.
 F = Levels seen in this place.
 G = Mean time per level.
                   A        B        C        D        E       F      G
               +--------+--------+--------+--------+--------+-----+--------+
         Total |  15459 |  14963 |    496 |   3622 |   8477 |  16 |  966.2 |
       Dungeon |  14198 |  13721 |    477 |   3230 |   7848 |  14 | 1014.1 |
          Lair |   1261 |   1242 |     19 |    392 |    629 |   2 |  630.5 |
               +--------+--------+--------+--------+--------+-----+--------+

Top non-repeatable levels by time:
    D:11: 1538 daAuts
     D:2: 1483 daAuts
     D:8: 1344 daAuts
     D:6: 1222 daAuts
    D:10: 1135 daAuts
  Lair:1: 1129 daAuts
     D:5: 1117 daAuts
     D:9: 1073 daAuts
     D:1: 1012 daAuts
     D:7: 963 daAuts
    D:14: 909 daAuts
     D:4: 740 daAuts
    D:12: 709 daAuts
     D:3: 538 daAuts
    D:13: 408 daAuts
